 Dungeon Crawl Stone Soup version 0.30-a0-6-g7c9e10e132 (webtiles) character file.

Game seed: 6388928371466440715

1561 gelatine the Shooter (level 8, -3/58 HPs)
             Began as a Demonspawn Fire Elementalist on Aug 22, 2022.
             Was a Plaything of Xom.
             Slain by a kobold brigand
             ... wielding a +2 whip of distortion
              (23 damage)
             ... on level 5 of the Dungeon.
             The game lasted 00:21:43 (5818 turns).

gelatine the Shooter (Demonspawn Fire Elementalist) Turns: 5818, Time: 00:21:45

Health: -3/58      AC:  5    Str: 13    XL:     8   Next: 58%
Magic:  0/23       EV: 12    Int: 21    God:    Xom [......]
Gold:   270        SH:  5    Dex: 16    Spells: 12/15 levels left

rFire   . . .      SeeInvis .    d - +10 shortbow "Uniehoc" {venom, rCorr Str+3 Dex+2}
rCold   . . .      Faith    .    (shield currently unavailable)
rNeg    . . .      Spirit   .    a - +1 robe
rPois   +          Reflect  +    n - +1 helmet
rElec   .          Harm     .    (no cloak)
rCorr   +          Rampage  .    (no gloves)
Will    .....                    (no boots)
Stlth   ++........               e - amulet of reflection
HPRegen 0.19/turn                h - ring of poison resistance
MPRegen 0.18/turn                k - ring of magical power

@: no status effects
A: hooves 1, demonic guardian 2, big brain 2, demonic magic 1
a: Renounce Religion


You were on level 5 of the Dungeon.
You worshipped Xom.
You were a very special plaything of Xom.
You visited 1 branch of the dungeon, and saw 5 of its levels.
You also visited: Sewer and Ossuary.

You collected 270 gold pieces.

Inventory:

Hand Weapons
 c - a +3 hand axe of distortion
 d - the +10 shortbow "Uniehoc" (weapon) {venom, rCorr Str+3 Dex+2}
   (You acquired it on level 3 of the Dungeon)

   Any ammunition fired from it poisons the flesh of those it strikes.
   Str:       It affects your strength (+3).
   Dex:       It affects your dexterity (+2).
   rCorr:     It protects you from acid and corrosion.
 u - a +2 vorpal spear
Armour
 a - a +1 robe (worn)
 n - a +1 helmet (worn)
 w - a +0 ring mail of poison resistance
Jewellery
 e - an amulet of reflection (around neck)
 h - a ring of poison resistance (left hand)
 k - a ring of magical power (right hand)
 A - a ring of flight
Wands
 m - a wand of mindburst (13)
 o - a wand of roots (9)
 p - a wand of flame (14)
Scrolls
 l - a scroll of vulnerability
 q - a scroll of magic mapping
 r - a scroll of teleportation
 x - a scroll of fear
 y - a scroll of enchant weapon
Potions
 b - 3 potions of magic
 f - 2 potions of berserk rage
 g - 4 potions of flight
 i - a potion of might
 j - 3 potions of lignification
 s - 3 potions of heal wounds
 t - 6 potions of curing
 v - a potion of brilliance
 z - 4 potions of attraction


   Skills:
 + Level 3.5 Fighting
 + Level 1.5 Axes
 + Level 5.4 Ranged Weapons
 + Level 2.5 Dodging
 + Level 3.0 Stealth
 + Level 0.3 Shields
 + Level 4.4 Spellcasting
 + Level 2.2 Conjurations
 + Level 5.2 Fire Magic


You had 12 spell levels left.
You knew the following spells:

 Your Spells              Type           Power      Damage    Failure   Level
a - Foxfire               Conj/Fire      80%        2x1d8     2%          1
b - Scorch                Fire           52%        2d7       1%          2

Your spell library contained the following spells:

 Spells                   Type           Power      Damage    Failure   Level
 Magic Dart               Conj           52%        1d5       4%          1
 Conjure Flame            Conj/Fire      20%        6-21      8%          3
 Inner Flame              Hex/Fire       15%        N/A       12%         3
 Call Imp                 Summ           4%         N/A       17%         2
 Ignite Poison            Fire/Tmut/Pois 11%        N/A       17%         3
 Mephitic Cloud           Conj/Pois/Air  7%         N/A       26%         3
 Flame Wave               Conj/Fire      20%        2d7       26%         4
 Freezing Cloud           Conj/Ice/Air   3%         6-21      93%         5


Dungeon Overview and Level Annotations

Branches:
Dungeon (5/15)             Temple (0/1) D:4           Sewer (visited)
Ossuary (visited)

Altars:
Cheibriados
Fedhas
Kikubaaqudgha
Trog
Xom
Yredelemnul

Shops:
D:1 (

Portals:
Abyss: D:5

Annotations:
D:5 1 transporter, SensoryNuts's ghost, novice KoFi
Abyss:1 Terence


Innate Abilities, Weirdness & Mutations

You have large cloven feet.
A demonic guardian rushes to your aid.
You have an extremely huge brain. (Int +4)
Spells you cast may paralyse adjacent enemies.


Message History

Flames lash the crimson imp.
The crimson imp completely resists.
Malevolent energies surge around you. SensoryNuts's ghost closely misses you.
Casting: Scorch (safe; 1% risk of failure)
Confirm with . or Enter, or press ? or * to list all spells.
You don't have enough magic to cast this spell.
Unknown command.
Casting: Scorch (safe; 1% risk of failure)
Confirm with . or Enter, or press ? or * to list all spells.
You don't have enough magic to cast this spell.
Casting: Scorch (safe; 1% risk of failure)
Confirm with . or Enter, or press ? or * to list all spells.
You conjure some foxfire!
Malevolent energies surge around you. Xom grants you some temporary aid.
You are now a very special plaything of Xom.
The kobold brigand is no longer paralysed.
You block the kobold brigand's attack. SensoryNuts's ghost hits you.
Fire: d) +10 shortbow "Uniehoc" {venom, rCorr Str+3 Dex+2}
Press: ? - help, Q - select action, (/) - cycle Shift-Dir - straight line, f/p - SensoryNuts's ghost
Aim: SensoryNuts's ghost, wielding a weapon of speed (heavily damaged, more vulnerable to fire, 70% to hit)
You shoot an arrow. The arrow hits SensoryNuts's ghost.
SensoryNuts's ghost is heavily damaged.
The small abomination is no longer paralysed.
The foxfire hits the small abomination.
The small abomination is lightly damaged.
You block the small abomination's attack.
The kobold brigand closely misses you. SensoryNuts's ghost hits you.
A demonic guardian appears!
Your white imp hits SensoryNuts's ghost but does no damage.
Fire: d) +10 shortbow "Uniehoc" {venom, rCorr Str+3 Dex+2}
Press: ? - help, Q - select action, (/) - cycle Shift-Dir - straight line, f/p - SensoryNuts's ghost
Aim: SensoryNuts's ghost, wielding a weapon of speed (heavily damaged, not watching you, more vulnerable to fire, 70% to hit)
You shoot an arrow. The arrow hits SensoryNuts's ghost.
SensoryNuts's ghost is severely damaged.
The small abomination hits you but does no damage.
Your quasit bites the small abomination but does no damage.
Your quasit claws the small abomination but does no damage.
Your quasit closely misses the small abomination.
The kobold brigand hits you with a +2 whip of distortion.
Space warps horribly around you!!
You die...

.........................#.### #
..........###..###.........# #
.........##.####x##.###..### #
.........#.#.##...###.#..# #
.........#....#.** .#.#..########
........##...^..* .# ##........##
.......##...###5##5#,#.......)...
#####..##...#.##KW# ##...#####.##
....#...##5##.©#@#§##..........##
.........###..##x55#.............
....#.........###4.#.............
....#........#####:###...........
....#....#####,.©...,#...........
........#####.∩###.#.##..........
....#...#(.....#.##.#[#©.......##
....#...####..##..##.##........##
....#......####....###.........).


You could see a kobold brigand, a small abomination (ally target), SensoryNuts's
ghost (combustible), a crimson imp (ally target), a friendly hellwing
(summoned), a friendly iron imp (summoned), a friendly quasit (summoned) and a
friendly white imp (summoned).

Vanquished Creatures
  Duvessa (D:4)
  2 centaurs
  A phantom (D:5)
  3 necrophages
  2 kobold brigands (Sewer)
  A scorpion (D:4)
  Dowan (D:4)
  4 centaur zombies (Ossuary)
  A human zombie (Ossuary)
  2 hounds (D:4)
  4 iguanas (D:5)
  3 scorpion zombies (Ossuary)
  An ogre zombie (Ossuary)
  A hound zombie (D:4)
  Robin (D:2)
  4 gnolls (D:5)
  7 adders
  2 river rats (Sewer)
  3 ufetubi (D:5)
  3 adder zombies (Ossuary)
  5 worms
  2 dart slugs
  5 orcs
  4 endoplasms
  2 giant cockroaches (D:3)
  A gnoll zombie (Ossuary)
  13 goblins
  7 hobgoblins
  12 jackals
  A quokka (D:3)
  8 ball pythons
  3 bats (D:1)
  2 frilled lizards
  3 goblin zombies (Ossuary)
  5 hobgoblin zombies (Ossuary)
  9 kobolds
  3 orc zombies (Ossuary)
  8 rats
140 creatures vanquished.

Vanquished Creatures (collateral kills)
  A wight (Ossuary)
  5 goblins (D:2)
6 creatures vanquished.

Vanquished Creatures (others)
  A bush (D:4)
  141 foxfires
  13 plants (D:4)
155 creatures vanquished.

Grand Total: 301 creatures vanquished

Notes
Turn   | Place    | Note
-------+----------+-------------------------------------------
     0 | D:1      | gelatine the Demonspawn Fire Elementalist began the quest
                  | for the Orb.
     0 | D:1      | Reached XP level 1. HP: 13/13 MP: 3/3
   205 | D:1      | Found a faded altar of an unknown god.
   244 | D:1      | Prayed at the altar of an unknown god.
   244 | D:1      | Became a worshipper of Xom of Chaos
   288 | D:1      | Found Syusk's Weapon Emporium.
   345 | D:1      | Gained mutation: You have large cloven feet. [demonic
                  | ancestry]
   345 | D:1      | Reached XP level 2. HP: 19/19 MP: 0/5
   421 | D:1      | XOM: smoke on damage
  1046 | D:1      | XOM: silly message
  1108 | D:2      | XOM: silly message
  1213 | D:2      | Reached XP level 3. HP: 10/24 MP: 1/6
  1550 | D:2      | Found an ancient bone altar of Kikubaaqudgha.
  1633 | D:2      | Noticed Terence
  1635 | D:2      | XOM: silly message
  1655 | D:2      | Banished Terence
  1844 | D:2      | Gained mutation: A weak demonic guardian rushes to your
                  | aid. [demonic ancestry]
  1844 | D:2      | Reached XP level 4. HP: 31/31 MP: 6/8
  1934 | D:2      | Noticed Robin
  1943 | D:2      | Killed Robin
  1944 | D:2      | Reached skill level 1 in Axes
  2159 | D:2      | XOM: silly message
  2509 | D:3      | Identified a scroll of acquirement
  2509 | D:3      | Acquired the +10 shortbow "Uniehoc" {venom, rCorr Str+3
                  | Dex+2}
  2513 | D:3      | Found a snail-covered altar of Cheibriados.
  2520 | D:3      | XOM: silly message
  2607 | D:3      | Gained mutation: You have an unusually large brain. (Int
                  | +2) [demonic ancestry]
  2607 | D:3      | Reached XP level 5. HP: 36/36 MP: 9/9
  2695 | D:3      | Found a glowing drain.
  2716 | Sewer    | Entered a sewer
  2719 | Sewer    | Reached skill level 1 in Fighting
  2798 | Sewer    | XOM: potion effect (curing)
  2800 | Sewer    | Reached skill level 1 in Ranged Weapons
  2821 | Sewer    | Gained mutation: A demonic guardian rushes to your aid.
                  | [demonic ancestry]
  2821 | Sewer    | Reached XP level 6. HP: 20/43 MP: 10/10
  3138 | D:3      | XOM: silly message
  3440 | D:3      | Learned a level 2 spell: Scorch
  3546 | D:4      | Noticed Duvessa
  3546 | D:4      | Noticed Dowan
  3553 | D:4      | Killed Duvessa
  3557 | D:4      | Killed Dowan
  3795 | D:4      | XOM: divination: detect items
  3906 | D:4      | XOM: silly message
  3999 | D:4      | Found a staircase to the Ecumenical Temple.
  4054 | D:4      | Gained mutation: Spells you cast may paralyse adjacent
                  | enemies. [demonic ancestry]
  4054 | D:4      | Reached XP level 7. HP: 50/50 MP: 11/11
  4092 | D:4      | Found a sand-covered staircase.
  4099 | Ossuary  | Entered an ossuary
  4431 | Ossuary  | Noticed a silent spectre
  4678 | D:4      | Found a bloodstained altar of Trog.
  4820 | D:4      | Gained mutation: You have an extremely huge brain. (Int +4)
                  | [demonic ancestry]
  4820 | D:4      | Reached XP level 8. HP: 56/57 MP: 13/13
  4866 | D:4      | Found a blossoming altar of Fedhas.
  5033 | D:5      | Entered Level 5 of the Dungeon
  5067 | D:5      | Found a basalt altar of Yredelemnul.
  5067 | D:5      | XOM: 9-stop teleportation journey
  5136 | D:5      | Noticed SensoryNuts's ghost (novice KoFi)
  5148 | D:5      | Found a one-way gate to the infinite horrors of the Abyss.
  5274 | D:5      | Found a transporter.
  5285 | D:5      | Found a transporter.
  5329 | D:5      | Reached skill level 5 in Fire Magic
  5348 | D:5      | Reached skill level 5 in Ranged Weapons
  5802 | D:5      | XOM: divination: magic mapping
  5810 | D:5      | XOM: silly message
  5816 | D:5      | XOM: summons 4 friendly demons
  5818 | D:5      | Slain by a kobold brigand

Illustrated notes

Levels and vault maps discovered:
D:1:      amcnicky_arrival_single_pillar, layout_loops_ring, serial_shops,
          nicolae_shop_bloodbath_and_beyond, ebering_ecumenical_altar_mist,
          minmay_tripent
D:2:      layout_rooms, basic_altar, hex_medium, minmay_cupped, uniq_robin,
          uniq_terence
D:3:      layout_loops_ring, slow_altar_1, gup_sewer_entry_glass
D:4:      layout_loops_ring, tso_oasis_becter, fedhas_altar_decomposition,
          lightli_temple_of_fire, minmay_temple_entry_fiery,
          chequers_ossuary_entry_cave, uniq_duvessa
D:5:      layout_basic, mainiacjoe_overflow_24_doors,
          gammafunk_ghost_abyssal_escape

Skill      XL: |  1  2  3  4  5  6  7  8 |
---------------+-------------------------+-----
Dodging        | 2 |  2.5
Stealth        | 2 3 |  3.0
Fire Magic     | 3 4 5 |  5.2
Axes           | 1 |  1.5
Spellcasting   | 3 4 |  4.4
Fighting       | 1 2 3 |  3.5
Ranged Weapons | 2 3 4 5 |  5.4
Conjurations   | 2 |  2.2
Shields        | |  0.3

Action                   |  1- 3 |  4- 6 |  7- 9 || total
-------------------------+-------+-------+-------++-------
Melee: Hand axe          |    33 |    19 |       ||    52
       Kick              |     3 |     2 |       ||     5
 Fire: Shortbow          |       |    74 |   103 ||   177
 Cast: Foxfire           |    42 |    17 |    33 ||    92
       Scorch            |       |     4 |    36 ||    40
  Use: Scroll            |       |    14 |     7 ||    21
       Potion            |       |       |     1 ||     1
 Stab: Sleeping          |     2 |     2 |       ||     4
Armor: Robe              |     5 |     4 |    11 ||    20
Dodge: Dodged            |    22 |    20 |    40 ||    82
Block: Other             |       |     1 |    20 ||    21
       Reflection        |       |     1 |     2 ||     3

Table legend: (Time is in decaauts)
 A = Elapsed time spent in this place.
 B = Non-inter-level travel time spent in this place.
 C = Inter-level travel time spent in this place.
 D = Time resting spent in this place.
 E = Time spent auto-exploring this place.
 F = Levels seen in this place.
 G = Mean time per level.
                   A        B        C        D        E       F      G
               +--------+--------+--------+--------+--------+-----+--------+
         Total |   5932 |   5627 |    305 |    213 |   4198 |   7 |  847.4 |
       Dungeon |   5045 |   4740 |    305 |    213 |   3715 |   5 | 1009.0 |
         Sewer |    460 |    460 |      0 |      0 |    319 |   1 |  460.0 |
       Ossuary |    425 |    425 |      0 |      0 |    163 |   1 |  425.0 |
               +--------+--------+--------+--------+--------+-----+--------+

Top non-repeatable levels by time:
     D:2: 1384 daAuts
     D:1: 1098 daAuts
     D:4: 1082 daAuts
     D:5: 798 daAuts
     D:3: 683 daAuts
   Sewer: 460 daAuts
 Ossuary: 425 daAuts
